 Dungeon Crawl Stone Soup version 0.23.1 (webtiles) character file.

Game seed: 121070414680683965

264360 Hasart the Metallomancer (level 19, -23/101 HPs)
             Began as a Deep Elf Earth Elementalist on Mar 3, 2019.
             Was a High Priest of Sif Muna.
             Killed from afar by Nikola (30 damage)
             ... with a chain lightning
             ... on level 1 of the Elven Halls.
             The game lasted 03:17:46 (51888 turns).

Hasart the Metallomancer (DEEE)                    Turns: 51888, Time: 03:17:48

Health: -23/101    AC: 14    Str:  8    XL:     19   Next: 27%
Magic:  27/45      EV: 17    Int: 36    God:    Sif Muna [*****.]
Gold:   1323       SH:  6    Dex: 18    Spells: 18/59 levels left

rFire    . . .     SeeInvis +   E - +9 rapier (elec)
rCold    + + .     Gourm    .   f - +0 buckler
rNeg     . . .     Faith    .   H - +3 leather armour {rC+}
rPois    +         Spirit   .   y - +0 hat of Okawaru's Indignation {Dex+3 Slay+3}
rElec    .         Reflect  .   U - +2 cloak {rPois}
rCorr    .         Harm     .   M - +2 pair of gloves {Str+3}
MR       +....                  w - +1 pair of boots of Midnight {Int+7}
Stlth    ++........             K - amulet of regeneration
HPRegen  0.66/turn              R - ring of Melee {rC+ SInv}
MPRegen  0.29/turn              h - ring of wizardry

@: no status effects
A: no striking features
}: 2/15 runes: barnacled, gossamer
a: Divine Energy, Channel Magic, Forget Spell, Renounce Religion


You were on level 1 of the Elven Halls.
You worshipped Sif Muna.
Sif Muna was extremely pleased with you.
You were not hungry.

You visited 8 branches of the dungeon, and saw 34 of its levels.
You also visited: Ice Cave.

You collected 2993 gold pieces.
You spent 1670 gold pieces at shops.

Inventory:

Hand Weapons
 E - a +9 rapier of electrocution (weapon)
Armour
 f - a +0 buckler (worn)
 k - a +1 hat of magic resistance
 w - the +1 pair of boots of Midnight (worn) {Int+7}
   (You found it on level 5 of the Dungeon)

   It affects your intelligence (+7).
 y - the +0 hat of Okawaru's Indignation (worn) {Dex+3 Slay+3}
   (You found it on level 5 of the Dungeon)

   It affects your dexterity (+3).
   It affects your accuracy and damage with ranged weapons and melee attacks
   (+3).
 H - a +3 leather armour of cold resistance (worn)
 M - a +2 pair of gloves of strength (worn)
 U - a +2 cloak of poison resistance (worn)
Magical Staves
 q - an uncursed staff of power
Jewellery
 h - a ring of wizardry (right hand)
 s - an uncursed ring of fire
 v - an uncursed amulet of rage {unknown}
 z - an uncursed ring of resist corrosion
 B - a +5 ring of evasion
 K - an amulet of regeneration (around neck)
 Q - an uncursed ring of protection from magic
 R - the ring of Melee (left hand) {rC+ SInv}
   (You found it on level 3 of the Lair of Beasts)

   [ring of protection from cold]

   It protects you from cold.
   It lets you see invisible.
 X - an uncursed amulet of magic regeneration
Wands
 L - a wand of acid (14)
 N - a wand of iceblast (23)
Scrolls
 a - 20 scrolls of remove curse
 e - 31 scrolls of identify
 j - 11 scrolls of teleportation
 m - 4 scrolls of magic mapping
 n - 4 scrolls of enchant armour
 A - 4 scrolls of fear
 O - 3 scrolls of blinking
Potions
 g - a potion of invisibility
 i - 4 potions of mutation
 l - 3 potions of magic
 o - 8 potions of curing
 p - 6 potions of flight
 r - a potion of resistance
 J - 5 potions of heal wounds
 S - 5 potions of brilliance
 V - 2 potions of cancellation
Miscellaneous
 c - a lightning rod (4/4)
 C - a fan of gales
Comestibles
 b - a chunk of flesh
 d - 47 rations


   Skills:
 + Level 5.2 Fighting
 + Level 4.3 Short Blades
 + Level 7.9 Dodging
 - Level 2.4 Stealth
 - Level 5.9 Shields
 * Level 20.7 Spellcasting
 + Level 7.2 Conjurations
 - Level 1.1 Transmutations
 + Level 24.8 Earth Magic
 - Level 9.0 Invocations
 - Level 5.0 Evocations


You had 18 spell levels left.
You knew the following spells:

 Your Spells              Type           Power        Failure   Level  Hunger
a - Stone Arrow           Conj/Erth      ######       0%          3    None
b - Sandblast             Erth           ######       0%          1    None
c - Lee's Rapid Deconstr  Erth           ########..   0%          5    None
d - Mephitic Cloud        Conj/Pois/Air  ######..     1%          3    None
e - Blink                 Tloc           N/A          1%          2    None
f - Shatter               Erth           ########..   1%          9    #####..
s - Iron Shot             Conj/Erth      ########..   1%          6    None
u - Swiftness             Chrm/Air       #####...     1%          2    None
x - Passwall              Tmut/Erth      #######.     0%          2    None
z - Lehudib's Crystal Sp  Conj/Erth      ########..   4%          8    ###....

Your spell library contained the following spells:

 Spells                   Type           Power        Failure   Level  Hunger
 Animate Skeleton         Necr           N/A          1%          1    None
 Apportation              Tloc           #####.       1%          1    None
 Beastly Appendage        Tmut           #####.       1%          1    None
 Confusing Touch          Hex            #####.       1%          1    None
 Corona                   Hex            #####..      1%          1    None
 Flame Tongue             Conj/Fire      #####        1%          1    None
 Infusion                 Chrm           ####         1%          1    None
 Magic Dart               Conj           ####         1%          1    None
 Shock                    Conj/Air       ####         1%          1    None
 Sting                    Conj/Pois      ####         1%          1    None
 Summon Small Mammal      Summ           ####         1%          1    None
 Call Imp                 Summ           #####...     1%          2    None
 Corpse Rot               Necr           N/A          1%          2    None
 Ensorcelled Hibernation  Hex/Ice        #####.       1%          2    None
 Poisonous Vapours        Pois/Air       #####.       1%          2    None
 Searing Ray              Conj           ######       1%          2    None
 Slow                     Hex            #####...     1%          2    None
 Sticks to Snakes         Tmut           #####...     1%          2    None
 Sublimation of Blood     Necr           #####.....   1%          2    None
 Throw Flame              Conj/Fire      ######       1%          2    None
 Confuse                  Hex            #####...     1%          3    None
 Conjure Flame            Conj/Fire      ######..     1%          3    None
 Dazzling Spray           Conj/Hex       ######       1%          3    None
 Gell's Gravitas          Tloc           #####.....   1%          3    None
 Inner Flame              Hex/Fire       #####...     1%          3    None
 Ozocubu's Armour         Chrm/Ice       #####...     1%          3    None
 Spectral Weapon          Hex/Chrm       #####...     1%          3    None
 Spider Form              Tmut/Pois      #####.....   1%          3    None
 Static Discharge         Conj/Air       ######..     1%          3    None
 Summon Guardian Golem    Hex/Summ       #####...     1%          3    None
 Tukima's Dance           Hex            #####...     1%          3    None
 Force Lance              Conj/Tloc      ######..     1%          4    None
 Fulminant Prism          Conj/Hex       ######....   1%          4    None
 Iskenderun's Mystic Bla  Conj           ######..     1%          4    None
 Leda's Liquefaction      Hex/Erth       #######...   1%          4    None
 Petrify                  Tmut/Erth      #######.     1%          4    None
 Sticky Flame             Conj/Fire      ######..     1%          4    None
 Bolt of Magma            Conj/Fire/Erth #######...   1%          5    None
 Borgnjor's Vile Clutch   Necr/Erth      #######...   1%          5    None
 Statue Form              Tmut/Erth      #######..    1%          6    None
 Bolt of Draining         Conj/Necr      ######....   2%          5    None
 Fireball                 Conj/Fire      ######....   2%          5    None
 Irradiate                Conj/Tmut      ######....   2%          5    None
 Iskenderun's Battlesphe  Conj/Chrm      ######..     2%          5    None
 Lightning Bolt           Conj/Air       ######....   2%          5    None
 Venom Bolt               Conj/Pois      ######....   2%          5    None
 Ice Form                 Ice/Tmut       #####...     3%          4    None
 Airstrike                Air            #####.....   4%          4    None
 Cause Fear               Hex            #####.....   4%          4    None
 Olgreb's Toxic Radiance  Pois           #####...     4%          4    None
 Summon Ice Beast         Ice/Summ       #####...     4%          4    None
 Blade Hands              Tmut           #####.....   9%          5    None
 Yara's Violent Unravell  Hex/Tmut       #####.....   11%         5    None
 Agony                    Necr           #####...     12%         5    None
 Aura of Abjuration       Summ           #####.....   12%         5    None
 Dispel Undead            Necr           #####...     12%         5    None
 Excruciating Wounds      Chrm/Necr      #####.....   12%         5    None
 Metabolic Englaciation   Hex/Ice        #####.....   12%         5    None
 Silence                  Hex/Air        #####.....   12%         5    None
 Summon Mana Viper        Hex/Summ       #####...     12%         5    None
 Bolt of Cold             Conj/Ice       ######....   16%         6    None
 Bolt of Fire             Conj/Fire      ######....   16%         6    None
 Poison Arrow             Conj/Pois      ######....   16%         6    None
 Orb of Destruction       Conj           ######....   19%         7    None
 Freezing Cloud           Conj/Ice/Air   ######....   26%         6    None
 Hydra Form               Tmut           #####.....   38%         6    None
 Simulacrum               Ice/Necr       #####.....   52%         6    None
 Dragon Form              Tmut           #####.....   91%         7    None
 Haunt                    Necr/Summ      #####.....   97%         7    None
 Ring of Flames           Chrm/Fire      #####.....   97%         7    None
 Summon Hydra             Summ           #####.....   97%         7    None
 Chain Lightning          Conj/Air       ######....   99%         8    ###....
 Discord                  Hex            #####.....   100%        8    ###....
 Ignition                 Fire           #####.....   100%        8    ###....
 Summon Horrible Things   Summ           #####.....   100%        8    ###....
 Dragon's Call            Summ           #####.....   100%        9    #####..
 Fire Storm               Conj/Fire      ######....   100%        9    #####..
 Glaciate                 Conj/Ice       ######....   100%        9    #####..


Dungeon Overview and Level Annotations

Branches:
Dungeon (15/15)            Temple (1/1) D:4            Lair (6/6) D:11
 Shoals (4/4) Lair:3       Spider (4/4) Lair:3        Slime (0/5) Lair:5
    Orc (2/2) D:12            Elf (1/3) Orc:2        Vaults (0/5) D:13
 Depths (1/5) D:15

Altars:
Ashenzari
Cheibriados
Dithmenos
Elyvilon
Fedhas
Gozag
Hepliaklqana
Kikubaaqudgha
Makhleb
Nemelex Xobeh
Okawaru
Ru
Sif Muna
Trog
Uskayaw
Vehumet
Wu Jian
Xom
Yredelemnul
Zin
The Shining One
Jiyva

Shops:
D:5 =   D:6 (   D:11 *   Orc:1 [   Orc:2 *!}:

Annotations:
D:9 3 runed translucent doors, Gearfox's ghost, journeyman HOBe
Shoals:4 1 runed translucent door, Monsterracer's ghost, journeyman MiBe
Elf:1 Nikola


Message History

Nikola is heavily wounded.
Unknown command.
Casting: Lee's Rapid Deconstruction (safe; 0% risk of failure)
Confirm with . or Enter, or press ? or * to list all spells.
Aiming: Lee's Rapid Deconstruction (safe; 0% risk of failure)
Press: ? - help, Dir - move target cursor A rock wall.
The wall shatters!
The blast of rock fragments hits Nikola!!!
Nikola is severely wounded.
Unknown command.
Things that are here:
a +0 long sword; a +0 leather armour Nikola mumbles some strange words.
You hear a mighty clap of thunder!
The lightning arc hits you!!
The lightning arc hits Nikola!
The lightning arc hits you!!
* * * LOW HITPOINT WARNING * * *
The lightning arc hits Nikola!
The lightning arc hits you!!
You die...

#.....# ##...##
#.#.# #.#.###
##...#.# ##
##..#...# #.
#...#...# .. .
#....)..###. .#
#..#..)@.)#.### °.#
#.###.))..#...#...#
..#......)..#..#..#
######.#........#
#...........
.....(.........
.....).....@.....
#...)###)#.......
....). #)#.......


You could see Nikola.

Vanquished Creatures
  Bai Suzhen (Spider:4)
  Arachne (Spider:2)
  2 krakens
  Agnes (Elf:1)
  Roxanne (D:14)
  6 ghost moths
  2 frost giants
  A fire giant (D:11)
  Louise (Spider:3)
  An orc warlord (Orc:1)
  5 emperor scorpions
  A stone giant (D:12)
  2 entropy weavers
  5 spark wasps
  8 merfolk javelineers
  A fire dragon (D:13)
  8 merfolk impalers
  An ettin (D:13)
  An ogre mage (D:15)
  7 hydras
  4 merfolk avatars
  2 catoblepae
  2 alligator snapping turtles (Shoals:4)
  5 merfolk aquamancers
  A centaur warrior (D:13)
  6 death yaks
  11 two-headed ogres
  2 death knights
  A tengu warrior (D:15)
  4 orc high priests (Orc:2)
  2 satyrs (Shoals:4)
  Urug (D:12)
  A deep elf knight (Elf:1)
  An iron troll (D:13)
  14 sea snakes
  A deep troll (shapeshifter) (D:15)
  A wizard (D:13)
  A phantasmal warrior (D:13)
  2 deep elf archers (Elf:1)
  5 harpies
  13 orb spiders
  6 orc knights
  5 orc sorcerers (Orc:2)
  An elephant (Lair:6)
  29 wolf spiders
  14 manticores
  10 deep elf magi
  25 ugly things
  6 cyclopes
  7 fauns
  11 merfolk sirens
  Joseph (Lair:1)
  An ice statue (IceCv)
  5 black mambas
  8 water nymphs
  18 spiny frogs
  5 torpor snails
  A yaktaur (Shoals:1)
  2 kobold demonologists
  7 komodo dragons
  7 rime drakes
  A freezing wraith (D:13)
  11 demonic crawlers
  30 merfolk
  A tengu conjurer (D:15)
  3 meliai (D:13)
  43 jumping spiders
  20 polar bears
  2 queen bees (D:13)
  8 trolls
  4 wind drakes
  6 slime creatures
  11 hornets
  15 hippogriffs
  14 dream sheep
  14 blink frogs
  5 snapping turtles
  58 redbacks
  A centaur simulacrum (D:15)
  17 tarantellas
  Eustachio (D:4)
  3 wyverns (Lair:6)
  A vampire (D:13)
  4 wraiths
  A fire elemental (Elf:1)
  14 water elementals
  32 yaks
  6 basilisks
  A basilisk (shapeshifter) (D:13)
  6 vampire mosquitoes
  2 hungry ghosts
  Edmund (D:6)
  4 wargs
  14 water moccasins
  9 porcupines
  Duvessa (D:6)
  2 sky beasts
  A hornet zombie (D:13)
  27 orc warriors
  13 ice beasts
  A black bear (D:10)
  2 phantoms
  3 boggarts (D:15)
  6 centaurs
  16 wolves
  12 ogres
  14 crocodiles
  Blork the orc (D:6)
  2 big kobolds
  27 bullfrogs
  Dowan (D:6)
  A wyvern zombie (D:8)
  3 wyvern skeletons
  4 scorpions
  45 killer bees
  8 wights (D:9)
  7 howler monkeys
  12 electric eels
  2 bullfrog zombies
  7 crimson imps
  A quasit (D:8)
  A gnoll shaman (D:9)
  7 hounds
  A jelly (D:6)
  15 orc priests
  2 bullfrog skeletons
  6 centaur skeletons
  20 orc wizards
  4 iguanas
  17 worker ants
  A statue (D:7)
  A hound zombie (D:7)
  A hound skeleton (D:10)
  2 worker ant zombies (D:9)
  13 gnolls
  9 adders
  4 shadow imps
  3 adder skeletons
  6 worms
  A dart slug (D:1)
  4 leopard geckos
  62 orcs
  2 giant cockroaches
  11 goblins
  7 hobgoblins
  26 jackals
  29 kobolds
  3 quokkas
  A ball python (D:1)
  4 bats
  A frilled lizard (D:1)
  A giant cockroach zombie (D:5)
  A jackal skeleton (D:3)
  9 rats
  A fungus (D:11)
  9 plants
  3 tentacles (Shoals:2)
1175 creatures vanquished.

Vanquished Creatures (others)
  A death yak (IceCv)
  2 orb spiders (Spider:4)
  A polar bear (IceCv)
  3 yaks (IceCv)
  A boggart (D:15)
  4 wolves (IceCv)
  19 fungi
  34 plants
  13 tentacles
  2 withered plants (Shoals:4)
80 creatures vanquished.

Grand Total: 1255 creatures vanquished

Notes
Turn   | Place    | Note
-------+----------+-------------------------------------------
     0 | D:1      | Hasart the Deep Elf Earth Elementalist began the quest for
                  | the Orb.
     0 | D:1      | Reached XP level 1. HP: 10/10 MP: 6/6
   113 | D:1      | Reached XP level 2. HP: 15/15 MP: 2/8
   976 | D:2      | Found a shimmering altar of Xom.
   977 | D:2      | Found a hazy altar of Hepliaklqana.
   977 | D:2      | Noticed an insubstantial wisp
   978 | D:2      | Noticed an insubstantial wisp
   978 | D:2      | Noticed a spectral ugly thing
  1056 | D:2      | Reached XP level 3. HP: 19/19 MP: 4/9
  1057 | D:2      | Reached skill level 4 in Earth Magic
  1660 | D:2      | Learned a level 3 spell: Stone Arrow
  1672 | D:2      | Reached XP level 4. HP: 11/24 MP: 8/11
  1679 | D:2      | Reached skill level 1 in Shields
  2195 | D:2      | Reached XP level 5. HP: 10/28 MP: 6/13
  2691 | D:3      | Reached skill level 5 in Earth Magic
  2863 | D:3      | Found a hide-covered altar of Uskayaw.
  3317 | D:3      | Found a glowing golden altar of the Shining One.
  3317 | D:3      | Found a blossoming altar of Fedhas.
  3317 | D:3      | Found a shadowy altar of Dithmenos.
  3547 | D:4      | Found a snail-covered altar of Cheibriados.
  3651 | D:4      | Noticed Eustachio
  3660 | D:4      | Killed Eustachio
  3660 | D:4      | Reached XP level 6. HP: 32/32 MP: 0/15
  3781 | D:4      | Reached skill level 5 in Spellcasting
  3899 | D:4      | Learned a level 5 spell: Lee's Rapid Deconstruction
  3902 | D:4      | Learned a level 2 spell: Passwall
  3977 | D:4      | Found a staircase to the Ecumenical Temple.
  3991 | Temple   | Entered the Ecumenical Temple
  4077 | Temple   | Became a worshipper of Sif Muna the Loreminder
  4330 | D:5      | Entered Level 5 of the Dungeon
  4330 | D:5      | Found Cuow's Jewellery Shoppe.
  4333 | D:5      | Bought a cursed ring of teleportation for 58 gold pieces
  4345 | D:5      | Reached skill level 6 in Earth Magic
  4439 | D:5      | Reached XP level 7. HP: 32/36 MP: 1/17
  4498 | D:5      | Found an iron altar of Okawaru.
  4623 | D:5      | Reached skill level 5 in Dodging
  4728 | D:5      | Reached skill level 7 in Earth Magic
  4824 | D:5      | Got a pair of faintly humming boots
  4830 | D:5      | Identified the +1 pair of boots of Midnight {Int+7} (You
                  | found it on level 5 of the Dungeon)
  5072 | D:5      | Learned a level 2 spell: Swiftness
  5090 | D:5      | Found a basalt altar of Yredelemnul.
  5094 | D:5      | Got a faintly glowing hat
  5100 | D:5      | Identified the +0 hat of Okawaru's Indignation {Dex+3
                  | Slay+3} (You found it on level 5 of the Dungeon)
  5584 | D:6      | Noticed Edmund
  5695 | D:6      | Reached XP level 8. HP: 41/41 MP: 8/19
  5699 | D:6      | Reached * piety under Sif Muna
  5889 | D:6      | Noticed Duvessa
  5896 | D:6      | Killed Duvessa
  5897 | D:6      | Noticed Dowan
  6008 | D:6      | Killed Dowan
  6194 | D:6      | Killed Edmund
  6194 | D:6      | Reached skill level 8 in Earth Magic
  6392 | D:6      | Found a bloodstained altar of Trog.
  6468 | D:6      | Reached skill level 1 in Short Blades
  6658 | D:6      | Found Ohiemmuah's Weapon Boutique.
  7098 | D:6      | Noticed Blork the orc
  7100 | D:6      | Killed Blork the orc
  7518 | D:7      | Reached ** piety under Sif Muna
  7528 | D:7      | Reached XP level 9. HP: 37/45 MP: 11/22
  7528 | D:7      | Reached skill level 9 in Earth Magic
  7767 | D:7      | Found a radiant altar of Vehumet.
  7925 | D:7      | Found a sparkling altar of Nemelex Xobeh.
  8166 | D:8      | Reached skill level 1 in Invocations
  8493 | D:8      | Reached skill level 10 in Earth Magic
  8736 | D:8      | Reached *** piety under Sif Muna
  8736 | D:8      | Reached skill level 5 in Shields
  9083 | D:8      | Noticed a two-headed ogre
  9086 | D:8      | Killed a two-headed ogre
  9086 | D:8      | Reached XP level 10. HP: 50/50 MP: 13/25
  9339 | D:8      | Noticed a two-headed ogre
  9343 | D:8      | Killed a two-headed ogre
  9343 | D:8      | Reached skill level 11 in Earth Magic
 10157 | D:9      | Reached skill level 10 in Spellcasting
 10157 | D:9      | Reached skill level 1 in Evocations
 10468 | D:9      | Reached skill level 1 in Fighting
 10611 | D:9      | Found a runed translucent gate.
 10611 | D:9      | Found a runed translucent gate.
 10612 | D:9      | Found a runed translucent gate.
 10612 | D:9      | Noticed Gearfox's ghost (journeyman HOBe)
 10622 | D:9      | Identified the +0 short sword of Gozag's Reproof {elec,
                  | +Fly rF+ Int+6}
 10639 | D:10     | Entered Level 10 of the Dungeon
 10687 | D:10     | Learned a level 2 spell: Blink
 10691 | D:10     | Learned a level 3 spell: Mephitic Cloud
 10847 | D:10     | Reached **** piety under Sif Muna
 11021 | D:10     | Reached skill level 5 in Invocations
 11286 | D:11     | Reached XP level 11. HP: 54/57 MP: 5/27
 11312 | D:11     | Found a frozen archway.
 11405 | IceCv    | Entered an ice cave
 11594 | IceCv    | Killed a death yak
 12284 | IceCv    | Reached skill level 12 in Earth Magic
 12567 | IceCv    | Noticed a death yak
 12580 | IceCv    | Killed a death yak
 12580 | IceCv    | Reached skill level 5 in Evocations
 12809 | IceCv    | Noticed a frost giant
 12824 | IceCv    | Killed a frost giant
 12824 | IceCv    | Reached ***** piety under Sif Muna
 12824 | IceCv    | Reached XP level 12. HP: 66/66 MP: 2/31
 13362 | D:11     | Identified Sif Muna's Grimoire of Floating Earth (Sif Muna
                  | gifted it to you on level 11 of the Dungeon)
 13362 | D:11     | Received a gift from Sif Muna
 13381 | D:11     | Learned a level 9 spell: Shatter
 13634 | D:11     | Found a staircase to the Lair.
 13701 | D:11     | Found Tmelean's Tempting Trifles.
 13707 | D:11     | Bought a scroll of teleportation for 39 gold pieces
 13840 | D:11     | Noticed a two-headed ogre
 13846 | D:11     | Killed a two-headed ogre
 14213 | D:11     | Noticed a two-headed ogre
 14216 | D:11     | Killed a two-headed ogre
 14447 | D:11     | Found a runed translucent door.
 14452 | D:11     | Noticed a fire giant
 14453 | D:11     | Noticed a two-headed ogre
 14461 | D:11     | Noticed a two-headed ogre
 14465 | D:11     | Killed a two-headed ogre
 14771 | D:12     | Noticed a four-headed hydra
 14778 | D:12     | Killed a four-headed hydra
 14778 | D:12     | Reached skill level 13 in Earth Magic
 14913 | D:12     | Reached skill level 5 in Fighting
 15068 | D:12     | Found a staircase to the Orcish Mines.
 15362 | D:12     | Noticed Urug
 15366 | D:12     | Killed Urug
 15534 | D:12     | Noticed a two-headed ogre
 15540 | D:12     | Killed a two-headed ogre
 16260 | D:13     | Noticed a two-headed ogre
 16264 | D:13     | Killed a two-headed ogre
 16309 | D:13     | Noticed a centaur warrior
 16312 | D:13     | Killed a centaur warrior
 16312 | D:13     | Reached skill level 1 in Conjurations
 16675 | D:13     | Reached XP level 13. HP: 60/72 MP: 9/33
 16706 | D:13     | Reached skill level 14 in Earth Magic
 17052 | D:13     | Identified Cef Xosa's Tome of Theory (Sif Muna gifted it to
                  | you on level 13 of the Dungeon)
 17052 | D:13     | Received a gift from Sif Muna
 17061 | D:13     | Learned a level 6 spell: Iron Shot
 17162 | D:13     | Identified the ring "Reodd" {Ice MR++ Int-2}
 17168 | D:13     | Noticed an ettin
 17267 | Lair:1   | Entered Level 1 of the Lair of Beasts
 17441 | Lair:1   | Noticed Joseph
 17443 | Lair:1   | Killed Joseph
 19273 | Lair:2   | Reached skill level 15 in Spellcasting
 19716 | Lair:3   | Reached skill level 15 in Earth Magic
 19859 | Lair:3   | Identified Sif Muna's Reference Book on Attacks (Sif Muna
                  | gifted it to you on level 3 of the Lair of Beasts)
 19859 | Lair:3   | Received a gift from Sif Muna
 20067 | Lair:3   | Found a staircase to the Shoals.
 20101 | Lair:3   | Reached skill level 5 in Conjurations
 20285 | Lair:3   | You fall through a shaft for 2 floors!
 20695 | Lair:5   | Found a sacrificial altar of Ru.
 20786 | Lair:5   | Found a staircase to the Slime Pits.
 20787 | Lair:5   | Found a viscous altar of Jiyva.
 22165 | Lair:4   | Reached XP level 14. HP: 78/78 MP: 25/35
 22462 | Lair:3   | Found a hole to the Spider Nest.
 22539 | Lair:3   | Found an ancient bone altar of Kikubaaqudgha.
 22943 | Lair:3   | Got a translucent marble ring
 22949 | Lair:3   | Identified the ring of Melee {rC+ SInv} (You found it on
                  | level 3 of the Lair of Beasts)
 23253 | Lair:6   | Entered Level 6 of the Lair of Beasts
 23421 | Lair:6   | Reached skill level 16 in Earth Magic
 24139 | Lair:5   | Identified Sif Muna's Volume of Confrontation and the Rocks
                  | (Sif Muna gifted it to you on level 5 of the Lair of
                  | Beasts)
 24139 | Lair:5   | Received a gift from Sif Muna
 25392 | Lair:6   | Reached skill level 17 in Earth Magic
 26232 | Lair:6   | Identified Sif Muna's Reference Book on Stones (Sif Muna
                  | gifted it to you on level 6 of the Lair of Beasts)
 26232 | Lair:6   | Received a gift from Sif Muna
 26823 | Orc:1    | Entered Level 1 of the Orcish Mines
 27015 | Orc:1    | Noticed a stone giant
 28125 | D:13     | Found a gate to the Vaults.
 28227 | D:13     | Reached XP level 15. HP: 82/82 MP: 14/38
 28387 | D:13     | Identified a scroll of acquirement
 28621 | D:14     | Identified Roxanne's Tome of Transformation
 28621 | D:14     | Noticed Roxanne
 28626 | D:14     | Killed Roxanne
 28626 | D:14     | Reached skill level 18 in Earth Magic
 29393 | D:14     | Received a gift from Sif Muna
 30142 | D:15     | Entered Level 15 of the Dungeon
 31022 | Orc:1    | Noticed an orc warlord
 31041 | Orc:1    | Killed an orc warlord
 31451 | Orc:1    | Found a burning altar of Makhleb.
 31501 | Orc:1    | Found Tomadyr's Antique Armour Shop.
 31509 | Orc:1    | Bought a runed cloak for 262 gold pieces
 31541 | Orc:2    | Entered Level 2 of the Orcish Mines
 31991 | Orc:2    | Found a staircase to the Elven Halls.
 32165 | Orc:2    | Reached skill level 19 in Earth Magic
 33094 | Orc:2    | Found Rups's Distillery.
 33094 | Orc:2    | Found Nadd's Assorted Antiques.
 33184 | Orc:2    | Found Rehistra's Book Boutique.
 33184 | Orc:2    | Found Medumm's Gadget Boutique.
 33194 | Orc:2    | Bought a scroll of blinking for 195 gold pieces
 33194 | Orc:2    | Bought a scroll of teleportation for 78 gold pieces
 33206 | Orc:2    | Bought a potion of berserk rage for 55 gold pieces
 33206 | Orc:2    | Bought a potion of heal wounds for 55 gold pieces
 33206 | Orc:2    | Bought a potion of brilliance for 44 gold pieces
 33206 | Orc:2    | Bought 2 potions of degeneration for 22 gold pieces
 33206 | Orc:2    | Bought a potion of mutation for 88 gold pieces
 33206 | Orc:2    | Bought a potion of curing for 33 gold pieces
 33213 | Orc:2    | Reached XP level 16. HP: 87/87 MP: 40/40
 33227 | Orc:2    | Bought a pair of runed gloves for 195 gold pieces
 33227 | Orc:2    | Bought a weird smoking staff for 312 gold pieces
 33227 | Orc:2    | Bought 3 scrolls of remove curse for 234 gold pieces
 33438 | D:15     | Identified Sif Muna's Catalogue of Lethal Clay (Sif Muna
                  | gifted it to you on level 15 of the Dungeon)
 33438 | D:15     | Received a gift from Sif Muna
 34647 | D:15     | Found a staircase to the Depths.
 34809 | D:15     | Found the +11 plutonium sword {*Contam Stlth-}
 35060 | Depths:1 | Entered Level 1 of the Depths
 35515 | D:11     | Reached skill level 20 in Earth Magic
 35515 | D:11     | Reached XP level 17. HP: 92/92 MP: 10/41
 35820 | Spider:1 | Entered Level 1 of the Spider Nest
 35970 | Shoals:1 | Entered Level 1 of the Shoals
 36371 | Shoals:1 | Identified Sif Muna's Compendium of Arcane Weapons and
                  | Enchantment (Sif Muna gifted it to you on level 1 of the
                  | Shoals)
 36371 | Shoals:1 | Received a gift from Sif Muna
 38214 | Shoals:2 | Noticed a kraken
 38220 | Shoals:2 | Killed a kraken
 38593 | Shoals:3 | Reached skill level 21 in Earth Magic
 39061 | Shoals:3 | Noticed a kraken
 39189 | Shoals:3 | Killed a kraken
 39437 | Shoals:3 | Got a slimy leather armour
 39438 | Shoals:3 | Identified the +0 leather armour of Death Resistance {+Inv}
                  | (You found it on level 3 of the Shoals)
 39626 | Shoals:3 | Identified Alaazuun's Catalogue of Enchanting Talismans
                  | (Sif Muna gifted it to you on level 3 of the Shoals)
 39626 | Shoals:3 | Received a gift from Sif Muna
 40079 | Shoals:4 | Entered Level 4 of the Shoals
 40682 | Shoals:4 | Reached skill level 22 in Earth Magic
 41123 | Shoals:4 | Found a runed translucent door.
 41124 | Shoals:4 | Noticed Monsterracer's ghost (journeyman MiBe)
 41912 | Spider:1 | Got a scorched scale mail
 41913 | Spider:1 | Identified the +4 scale mail of the Moon {Dex+4} (You found
                  | it on level 1 of the Spider Nest)
 42506 | Spider:2 | Noticed Arachne
 42517 | Spider:2 | Killed Arachne
 42531 | Spider:2 | Reached XP level 18. HP: 95/96 MP: 1/43
 42864 | Spider:2 | Identified Sif Muna's Almanac of Glacial Malediction (Sif
                  | Muna gifted it to you on level 2 of the Spider Nest)
 42864 | Spider:2 | Received a gift from Sif Muna
 43271 | Spider:2 | Reached skill level 23 in Earth Magic
 44610 | Spider:3 | Noticed Louise
 44615 | Spider:3 | Killed Louise
 45667 | Spider:3 | Got a dazzling helmet
 45670 | Spider:3 | Identified the -4 helmet of Darkness {Str+6 Int-3 SInv}
                  | (You found it on level 3 of the Spider Nest)
 46080 | Spider:4 | Entered Level 4 of the Spider Nest
 46127 | Spider:4 | Noticed Bai Suzhen
 46229 | Spider:4 | Learned a level 8 spell: Lehudib's Crystal Spear
 46515 | Spider:4 | Killed Bai Suzhen
 46995 | Spider:4 | Identified Sif Muna's Handbook of the Noxious Blaze (Sif
                  | Muna gifted it to you on level 4 of the Spider Nest)
 46995 | Spider:4 | Received a gift from Sif Muna
 47254 | Spider:4 | Reached skill level 24 in Earth Magic
 49229 | Spider:4 | Got a gossamer rune of Zot
 49534 | Shoals:4 | Identified Bavayl Dui's Papyrus of Creation (Sif Muna
                  | gifted it to you on level 4 of the Shoals)
 49534 | Shoals:4 | Received a gift from Sif Muna
 49948 | Shoals:4 | Reached XP level 19. HP: 84/100 MP: 22/45
 51072 | Shoals:4 | Got a barnacled rune of Zot
 51675 | Elf:1    | Entered Level 1 of the Elven Halls
 51724 | Elf:1    | Found a radiant altar of Vehumet.
 51749 | Elf:1    | Noticed Agnes
 51755 | Elf:1    | Killed Agnes
 51882 | Elf:1    | Noticed Nikola
 51888 | Elf:1    | Killed from afar by Nikola

Skill      XL: |  1  2  3  4  5  6  7  8  9 10 11 12 13 14 15 16 17 18 |
---------------+-------------------------------------------------------+-----
Dodging        | 3 4 5 6 7 |  7.9
Earth Magic    | 4 5 6 7 8 10 11 12 13 15 17 19 20 22 24 | 24.8
Shields        | 1 2 3 4 5 |  5.9
Spellcasting   | 4 5 6 7 9 10 13 14 15 17 18 19 20 | 20.7
Short Blades   | 2 4 |  4.3
Invocations    | 3 5 7 8 9 |  9.0
Evocations     | 2 5 |  5.0
Fighting       | 2 4 5 |  5.2
Conjurations   | 1 6 7 |  7.2
Stealth        | |  2.4
Transmutations | |  1.1

Action                   |  1- 3 |  4- 6 |  7- 9 | 10-12 | 13-15 | 16-18 | 19-21 || total
-------------------------+-------+-------+-------+-------+-------+-------+-------++-------
Melee: Dagger            |     6 |    31 |    34 |       |       |       |       ||    71
       Rapier            |       |       |   108 |   218 |   207 |    79 |    12 ||   624
 Cast: Sandblast         |    57 |    22 |    53 |    63 |    28 |     3 |       ||   226
       Stone Arrow       |       |    46 |    54 |   117 |   153 |    84 |       ||   454
       Lee's Rapid Decon |       |       |    25 |    95 |   108 |   135 |     5 ||   368
       Passwall          |       |       |       |     3 |       |       |       ||     3
       Mephitic Cloud    |       |       |       |     2 |       |     1 |       ||     3
       Iron Shot         |       |       |       |       |   219 |   279 |    24 ||   522
       Swiftness         |       |       |       |       |     5 |     2 |       ||     7
       Shatter           |       |       |       |       |       |    26 |    10 ||    36
       Lehudib's Crystal |       |       |       |       |       |    14 |     9 ||    23
Invok: Channel Magic     |       |       |       |       |       |     8 |     1 ||     9
Evoke: Wand              |       |       |       |     1 |       |     3 |       ||     4
  Use: Scroll            |       |       |       |     1 |    23 |     6 |       ||    30
       Potion            |       |       |       |       |     6 |     3 |       ||     9
 Stab: Sleeping          |     1 |     1 |     3 |     2 |     5 |     1 |       ||    13
       Distracted        |     1 |       |       |     1 |     1 |       |       ||     3
       Confused          |       |       |       |     1 |       |       |       ||     1
  Eat: Chunk             |     2 |     7 |    20 |    22 |    38 |    37 |       ||   126
       Ration            |       |     1 |       |     1 |     5 |     8 |     3 ||    18
Armor: Robe              |     5 |    12 |    42 |    10 |       |       |       ||    69
       Leather armour    |       |       |       |    26 |    61 |    48 |     2 ||   137
Dodge: Dodged            |    11 |    45 |   185 |   191 |   270 |   167 |    14 ||   883
Block: Buckler           |       |       |    36 |    78 |    78 |    62 |     1 ||   255
